Cogmind - Beta 13 @@@ ROGUE MODE // 2024.04.19 @ 20:00:16 Player: Body_Elektric Result: Self-destructed Performance ------------- Evolutions (2) 1000 Regions Visited (5) 1000 Robots Destroyed (48) 240 Value Destroyed (873) 873 Prototype IDs (41) 820 Alien Tech Used (0) 0 Bonus (311) 311 TOTAL SCORE: 4244 Bonus ------- Follower Combat Kills 153 Aligned with FarCom 300 Friendly Fire -142 Cogmind --------- Core Integrity 439/550 Matter 133/300 Energy 100/100 System Corruption 0% Temperature Cool (0) Movement Hovering (112) Ox1 Location -8/Materials Parts ------- > --- POWER (1) -------- (None) > --- PROPULSION (4) --- Airjet Airjet Airjet > --- UTILITY (4) ------ Large Storage Unit Core Shielding > --- WEAPON (2) ------- Heavy Assault Rifle Heavy Battle Rifle > --- INVENTORY (15) --- Improved Ion Engine Wheel Improved Heat Sink High-capacity Matter Pod (200) Seismic Detector Thief Drone Bay (3/3) Guided Plasma Cannon Heavy Assault Rifle Grenade Launcher Rocket Launcher Datajack Mining Claw Blade Trap Peak State ------------ > --- POWER ------------ Nuclear Core > --- PROPULSION ------- Airjet Airjet Airjet Airjet > --- UTILITY ---------- Large Storage Unit Core Shielding > --- WEAPON ----------- Heavy Assault Rifle Heavy Battle Rifle > --- INVENTORY -------- Improved Ion Engine Wheel Improved Heat Sink High-capacity Matter Pod Seismic Detector Thief Drone Bay Guided Plasma Cannon Heavy Assault Rifle Grenade Launcher Rocket Launcher Datajack Mining Claw Blade Trap Blade Trap Blade Trap [Rating: 26] Favorites ----------- Power Improved Ion Engine Engine Improved Ion Engine Power Core Nuclear Core Propulsion Light Treads Treads Light Treads Hover Unit Airjet Utility Large Storage Unit Device Seismic Detector Storage Large Storage Unit Protection Core Shielding Weapon Heavy Assault Rifle Energy Gun Medium Laser Energy Cannon Advanced Beam Cannon Ballistic Gun Heavy Assault Rifle Launcher Rocket Launcher Slashing Weapon Mining Claw Special Melee Weapon Datajack Build | -11 -10 -10 -10 -9 -8 ------- Run | Yrd Mat Min Exi Min Mat Slots Evolved 4 | . . . . . 4 Power . | . . . . . . Propulsion 2 | . . . . . 2 Utility 2 | . . . . . 2 Weapon . | . . . . . . Parts Attached 38 | 7 9 6 1 4 11 Power 3 | 1 1 . . . 1 Engine 2 | 1 1 . . . . Core 1 | . . . . . 1 Reactor . | . . . . . . Propulsion 11 | 2 2 1 . . 6 Treads 7 | 2 2 1 . . 2 Leg . | . . . . . . Wheel . | . . . . . . Hover 4 | . . . . . 4 Flight . | . . . . . . Utility 6 | 2 1 2 . 1 . Device 3 | 1 . 2 . . . Storage 2 | 1 1 . . . . Processor . | . . . . . . Hackware . | . . . . . . Protection 1 | . . . . 1 . Artifact . | . . . . . . Weapon 18 | 2 5 3 1 3 4 Energy Gun 1 | 1 . . . . . Energy Cannon 1 | . . . . . 1 Ballistic Gun 11 | 1 4 2 . 2 2 Ballistic Cannon . | . . . . . . Launcher 3 | . . 1 . 1 1 Special Weapon . | . . . . . . Impact Weapon . | . . . . . . Slashing Weapon 1 | . 1 . . . . Piercing Weapon . | . . . . . . Special Melee Weapon 1 | . . . 1 . . Unidentified Prototypes 2 | . . 1 . . 1 Parts Lost 2 | . . . . . 2 Power 1 | . . . . . 1 Propulsion 1 | . . . . . 1 Utility . | . . . . . . Weapon . | . . . . . . Highest Loss Streak 2 | . . . . . 2 To Critical Strikes . | . . . . . . Average Slot Usage (%) 96 | . 99 100 100 100 67 Engine 12 | . 14 14 14 14 3 Treads 26 | . 27 28 28 28 14 Device 11 | . 14 14 14 8 . Storage 13 | . 14 14 14 14 9 Protection 1 | . . . . 5 9 Energy Gun 2 | . 5 . . . . Ballistic Gun 21 | . 21 27 14 20 17 Special Melee Weapon 3 | . . . 14 6 . Naked Turns . | . . . . . . Heaviest Build 37 | 15 34 37 33 35 35 Greatest Support 80 | 40 40 40 40 40 80 Greatest Overweight (x) 3 | 3 . . . . 1 Average Overweight (x) . | . . . . . . Largest Inventory Capacity 15 | 8 15 15 15 15 15 Average Capacity 13 | 7 12 15 15 15 15 Most Carried 15 | 2 12 15 15 15 15 Average Carried 11 | 1 6 14 15 14 14 Final Capacity 15 | 8 15 15 15 15 15 Final Carried 15 | 2 12 15 15 15 13 Class Distribution -------------------- 100% | Mutant Dominant Class ---------------- Mutant | -10/Materials Mutant | -10/Mines Mutant | -10/Exiles Mutant | -9/Mines Mutant | -8/Materials Resources | -11 -10 -10 -10 -9 -8 ----------- Run | Yrd Mat Min Exi Min Mat Matter Collected 1154 | 297 438 201 12 74 132 Remotely . | . . . . . . Salvage Created 1065 | 108 435 174 . 88 260 Parts 98 | 10 42 20 . 4 22 Haulers Intercepted 1 | . 1 . . . . Recyclers Shooed . | . . . . . . Parts Field Recycled . | . . . . . . Retrieved Matter . | . . . . . . Parts Self-Destructed . | . . . . . . Prevented . | . . . . . . Kills | -11 -10 -10 -10 -9 -8 ------- Run | Yrd Mat Min Exi Min Mat Combat Hostiles Destroyed 28 | . 10 11 . 1 6 Guns 21 | . 10 8 . 1 2 AOE 7 | . . 3 . . 4 Classes Destroyed 11 | 2 7 . . . 2 Worker 3 | . 3 . . . . Builder 4 | . 1 . . . 3 Tunneler 4 | 2 2 . . . . Hauler 1 | . 1 . . . . Recycler 1 | 1 . . . . . Operator 2 | . 2 . . . . Watcher 4 | . 3 . . . 1 Swarmer 15 | . 6 9 . . . Grunt 11 | . 4 2 . 1 4 Sentry 1 | . . . . . 1 Hunter 1 | . . . . . 1 Thug 1 | . . . . 1 . Best Kill Streak 7 | 2 5 3 . 1 7 Combat Bots Only 4 | . 2 3 . 1 4 Max Kills in Single Turn 3 | 1 2 3 . 1 2 Gunslinging 1 | . . 1 . . . Exploded 3 | . . 3 . . 1 Melee . | . . . . . . Uniques/NPCs Destroyed . | . . . . . . Combat | -11 -10 -10 -10 -9 -8 -------- Run | Yrd Mat Min Exi Min Mat Hostile Shots Fired 129 | . 53 21 . 2 53 Missed 38 | . 17 7 . 1 13 Damage Taken 1228 | . 458 169 . 55 546 Core 214 | . 77 16 . 10 111 Absorbed by Shields . | . . . . . . Redirected to Shielding 25 | . . . . . 25 Regen/Repaired (Parts) 97 | . 97 . . . . Core Remaining (%) 79 | 100 . . . 58 . Volleys Fired 114 | 9 65 12 . 3 25 Largest 2 | 2 2 2 . 2 2 Hottest 70 | 70 70 56 . 56 66 Shots Fired 222 | 18 130 23 . 6 45 Gun 211 | 18 130 22 . 4 37 Cannon . | . . . . . . Launcher 11 | . . 1 . 2 8 Special . | . . . . . . Kinetic 161 | 9 89 22 . 4 37 Thermal 50 | 9 41 . . . . Explosive 11 | . . 1 . 2 8 Electromagnetic . | . . . . . . Robot Hit Streak 9 | 4 9 8 . 2 8 Robot Miss Streak 6 | 2 6 5 . 2 2 Penetration Max . | . . . . . . Secondary Targets 5 | . 2 3 . . . Max Gunslinging Chain 1 | . 1 1 . . . Shots Hit Robots 130 | 11 67 16 4 3 29 Core Hits 65 | 4 27 12 . 4 18 Critical Kills . | . . . . . . Critical Parts Destroyed 1 | . . . . . 1 Critical Strikes 8 | 1 6 . . . 1 Burn 7 | 1 6 . . . . Destroy 1 | . . . . . 1 Melee Attacks 6 | . 1 . 4 1 . Impact . | . . . . . . Slashing 1 | . 1 . . . . Piercing . | . . . . . . Sneak Attacks 5 | . . . 4 1 . Combat Hostiles . | . . . . . . Follow-up Attacks . | . . . . . . Damage Inflicted 2857 | 137 968 510 . 150 1092 Guns 1795 | 137 968 286 . 51 353 Cannons . | . . . . . . Explosions 1049 | . . 219 . 91 739 Melee . | . . . . . . Ramming 13 | . . 5 . 8 . Kinetic 1376 | 63 623 286 . 51 353 Thermal 565 | 74 345 146 . . . Explosive 903 | . . 73 . 91 739 Electromagnetic . | . . . . . . Impact . | . . . . . . Slashing . | . . . . . . Piercing . | . . . . . . Highest Corruption . | . . . . . . Average Corruption . | . . . . . . Corruption Purged . | . . . . . . Corruption Blocked . | . . . . . . Overload Shots . | . . . . . . Overflow Damage 84 | . . 37 . 19 28 Projectiles . | . . . . . . Explosions 84 | . . 37 . 19 28 Melee . | . . . . . . Knockbacks . | . . . . . . Impact . | . . . . . . Kinetic . | . . . . . . Secondary . | . . . . . . Self-Inflicted Damage 49 | . . 17 . 32 . Shots 2 | . . 1 . 1 . Rammed 5 | . 1 2 . 2 . Targets Rammed 5 | . 1 2 . 2 . Kicked . | . . . . . . Crushed . | . . . . . . Highest Temperature 147 | 27 147 39 . . 52 Average Temperature 33 | 12 39 23 . . 27 Received Heat Transfer 276 | . 114 48 . 15 99 Siege Activations . | . . . . . . Robots Corrupted . | . . . . . . Combat Hostiles . | . . . . . . Parts Fried . | . . . . . . Impact Corruptions . | . . . . . . Robots Melted . | . . . . . . Combat Hostiles . | . . . . . . Parts Melted 3 | . 2 . . 1 . Heat Transferred 1926 | 296 1480 150 . . . Parts Sabotaged . | . . . . . . Parts Stolen . | . . . . . . Parts Stripped . | . . . . . . Power Chain Reactions . | . . . . . . Alert | -11 -10 -10 -10 -9 -8 ------- Run | Yrd Mat Min Exi Min Mat Peak Influence 242 | 15 242 167 . 150 167 Initial 58 | . 9 49 . . 58 Average 72 | 8 72 77 . 69 77 Maximum Alert Level 1 | . 1 . . . . Low Security (%) 97 | 100 93 100 . 100 100 Level 1 2 | . 6 . . . . Level 2 . | . . . . . . Level 3 . | . . . . . . Level 4 . | . . . . . . Level 5 . | . . . . . . High Security . | . . . . . . Max Security . | . . . . . . Squads Dispatched 6 | . 4 . . . 2 Investigation 3 | . 1 . . . 2 Extermination . | . . . . . . Reinforcement 3 | . 3 . . . . Assault . | . . . . . . Garrison . | . . . . . . Intercept . | . . . . . . Searches Triggered . | . . . . . . Construction Impeded . | . . . . . . Haulers Reinforced . | . . . . . . Active Scanning Responses . | . . . . . . Cargo Convoy Interrupts . | . . . . . . Stealth | -11 -10 -10 -10 -9 -8 --------- Run | Yrd Mat Min Exi Min Mat Distress Signals 4 | . 1 . . . 3 Communications Jammed . | . . . . . . Distress Signals . | . . . . . . Times Spotted 44 | . 20 11 . 4 9 Peak Tracking Total 5 | . 3 3 . 2 5 Tactical Retreats 1 | . . . . . 1 Traps | -11 -10 -10 -10 -9 -8 ------- Run | Yrd Mat Min Exi Min Mat Traps Triggered . | . . . . . . Indirectly . | . . . . . . Trap Hack Attempts . | . . . . . . Triggered . | . . . . . . Disarmed . | . . . . . . Reprogrammed . | . . . . . . Reused . | . . . . . . Traps Extracted . | . . . . . . Installed 2 | . . . . . 2 Triggered . | . . . . . . Most Traps Carried 3 | . . 3 3 3 3 Machines | -11 -10 -10 -10 -9 -8 ---------- Run | Yrd Mat Min Exi Min Mat Machines Disabled 2 | . 1 1 . . . Max in Single Turn 1 | . 1 1 . . . Machines Repaired . | . . . . . . Machines Dismantled . | . . . . . . Machines Sabotaged . | . . . . . . Overloaded Fab Kills . | . . . . . . Hacking | -11 -10 -10 -10 -9 -8 --------- Run | Yrd Mat Min Exi Min Mat Machines Accessed 14 | . 6 1 4 . 3 Terminals 7 | . 4 . . . 3 Fabricators . | . . . . . . Repair Stations 1 | . 1 . . . . Recycling Units 1 | . 1 . . . . Scanalyzers . | . . . . . . Garrison Access . | . . . . . . Total Hacks 41 | . 25 1 7 . 8 Successful 23 | . 13 1 7 . 2 Failed 18 | . 12 . . . 6 Catastrophic 4 | . 3 . . . 1 Database Lockouts . | . . . . . . Manual 18 | . 12 . 1 . 5 Terminals 26 | . 18 . . . 8 Fabricators . | . . . . . . Repair Stations 3 | . 3 . . . . Recycling Units 4 | . 4 . . . . Scanalyzers . | . . . . . . Garrison Access . | . . . . . . Terminal Hacks 15 | . 6 1 7 . 1 Record 6 | . . . 6 . . Part Schematic 1 | . 1 . . . . Robot Analysis 2 | . 2 . . . . Prototype ID Bank 1 | . . . . . 1 Open Door 1 | . . 1 . . . Dispatch Records 1 | . 1 . . . . Hauler Manifests 1 | . 1 . . . . Zone Layout 1 | . 1 . . . . Derelict Proto ID Bank 1 | . . . 1 . . Fabricator Hacks . | . . . . . . Repair Station Hacks 2 | . 2 . . . . Scan Component 1 | . 1 . . . . Repair 1 | . 1 . . . . Recycling Unit Hacks 2 | . 2 . . . . Process 1 | . 1 . . . . Retrieve Matter 1 | . 1 . . . . Scanalyzer . | . . . . . . Garrison Access Hacks . | . . . . . . Unauthorized Hacks 4 | . 3 . . . 1 Terminals 4 | . 3 . . . 1 Botnet 4 | . 3 . . . 1 Fabricators . | . . . . . . Repair Stations . | . . . . . . Recycling Units . | . . . . . . Scanalyzers . | . . . . . . Garrison Access . | . . . . . . Data Cores Recovered . | . . . . . . Used . | . . . . . . Hacking Detections 9 | . 6 . . . 3 Full Trace Events 3 | . 1 . . . 2 Feedback Events . | . . . . . . Feedback Blocked . | . . . . . . Robot Schematics Acquired . | . . . . . . Robots Built . | . . . . . . Authchips . | . . . . . . Time . | . . . . . . Total Robot Build Rating . | . . . . . . Part Schematics Acquired 1 | . 1 . . . . Parts Built . | . . . . . . Authchips . | . . . . . . Time . | . . . . . . Total Part Build Rating . | . . . . . . Parts Repaired 1 | . 1 . . . . Time 26 | . 26 . . . . Parts Recycled . | . . . . . . Recycled Matter 341 | . 341 . . . . Retrieved Matter 430 | . 430 . . . . Retrieved Components . | . . . . . . Parts Scanalyzed . | . . . . . . Part Schematics Acquired . | . . . . . . Parts Damaged . | . . . . . . Bothacking | -11 -10 -10 -10 -9 -8 ------------ Run | Yrd Mat Min Exi Min Mat Used RIF Installer . | . . . . . . Robots Hacked 4 | . . . 4 . . Non-combat 3 | . . . 3 . . Combat 1 | . . . 1 . . Robot Hacks Applied 4 | . . . 4 . . parse_system 4 | . . . 4 . . Relay Couplers Released . | . . . . . . Fabnet Peak Effective % . | . . . . . . Robots Rewired . | . . . . . . Allies Hacked . | . . . . . . Hacks Repelled . | . . . . . . Allies | -11 -10 -10 -10 -9 -8 -------- Run | Yrd Mat Min Exi Min Mat Total Allies 5 | . . . . 5 . Largest Group 5 | . . . . 5 3 Highest-Rated Group 82 | . . . . 82 35 Highest-Rated Ally 31 | . . . . 31 16 Total Orders 1 | . . 1 . . . RETURN 1 | . . 1 . . . Ally Attacks 29 | . . . . 16 13 Total Damage 257 | . . . . 180 77 Kills 5 | . . . . 4 1 Allies Corrupted . | . . . . . . Allies Melted . | . . . . . . Intel | -11 -10 -10 -10 -9 -8 ------- Run | Yrd Mat Min Exi Min Mat Robot Analysis Total 2 | . 2 . . . . Derelict Logs Recovered 3 | . . 2 . 1 . Drone Launches 1 | . . 1 . . . Drone Recoveries 1 | . . 1 . . . Exploration | -11 -10 -10 -10 -9 -8 ------------- Run | Yrd Mat Min Exi Min Mat Turns Passed 5393 | 136 1937 1147 893 774 506 Spaces Moved 2984 | 63 1005 678 549 451 238 Core 8 | 8 . . . . . Treads 2923 | 55 1005 678 549 451 185 Legs . | . . . . . . Wheels . | . . . . . . Hover 53 | . . . . . 53 Flight . | . . . . . . Fastest Speed 50 | 50 160 160 160 160 108 Average Speed 158 | 153 160 160 160 160 148 Slowest Speed 200 | 200 160 160 160 160 160 Overloaded Moves . | . . . . . . Propulsion Burnouts . | . . . . . . Robots Hopped . | . . . . . . Cave-ins Triggered . | . . . . . . Exploration Rate (%) 55 | 4 79 98 66 71 17 Regions Visited 5 Branch Regions 3 Pre-discovered Areas 3 | . . 1 1 1 . Known Exits Taken . | . . . . . . Unknown Exits Taken 5 | 1 1 1 1 1 . Scrap Searched 3 | . . 2 . 1 . Spaces Dug 7 | . 1 6 . . . Terrain Destroyed 86 | . 1 19 . 22 44 Melee 1 | . 1 . . . . Projectile 5 | . . . . . 5 AOE 80 | . . 19 . 22 39 Terrain Rammed . | . . . . . . Walls Destroyed . | . . . . . . Machines Disabled . | . . . . . . Actions | -11 -10 -10 -10 -9 -8 --------- Run | Yrd Mat Min Exi Min Mat Total 3401 | 82 1202 717 562 494 344 Wait 194 | . 98 7 . 32 57 Move 2979 | 62 1004 677 548 450 238 Hop . | . . . . . . Pick Up 27 | 3 14 7 1 1 1 Fast Attach 20 | 7 4 1 . . 8 Attach . | . . . . . . Detach . | . . . . . . Swap 18 | . 5 5 1 4 3 Drop 29 | 1 10 6 1 1 10 Fire 114 | 9 65 12 . 3 25 Melee 6 | . 1 . 4 1 . Ram . | . . . . . . Kick . | . . . . . . Crush 5 | . 1 2 . 2 . Escape Stasis . | . . . . . . Rewire 7 | . . . 7 . . Trap 2 | . . . . . 2 Miscellaneous . | . . . . . . Route ------- -11/Scrapyard -10/Materials (discovered 4 exits: [*Mat x2] / *Min x2) -10/Mines (discovered 3 exits: [*Mat x2] / *Exi) -10/Exiles -9/Mines -8/Materials (discovered 1 exit: Fac) History --------- Turn | Location | Event 34 | -11/Scrapyard | Discovered new exit (range 15) 137 | -11/Scrapyard | Entered Materials 309 | -10/Materials | Build established: Mutant 1003 | -10/Materials | Discovered new exit (range 13) 1470 | -10/Materials | Discovered new exit (range 14) 1809 | -10/Materials | Discovered new exit (range 8) 1958 | -10/Materials | Repaired Lgt. Treads 2061 | -10/Materials | Discovered new exit (range 8) 2074 | -10/Materials | Entered Mines 2080 | -10/Mines | Found the Drone Emporium 2090 | -10/Mines | Found Prototype Device 2091 | -10/Mines | Identified Thief Drone Bay 2127 | -10/Mines | Found a hidden stash of uninstalled traps 2150 | -10/Mines | Discovered new exit (range 9) 2363 | -10/Mines | Deemed a non-threat by the Exiles lab entrance 2364 | -10/Mines | Discovered new exit (range 5) 2472 | -10/Mines | A weapon hastily lodged in a ceiling crevice suddenly fell to the ground 2500 | -10/Mines | Learned location of 1 exit from Materials 2848 | -10/Mines | Discovered new exit (range 6) 2967 | -10/Mines | Received a Rocket Launcher from a helpful Derelict 3221 | -10/Mines | Entered Exiles 3266 | -10/Exiles | Met 8R-AWN 3292 | -10/Exiles | Met EX-HEX 3505 | -10/Exiles | Met EX-BIN 3537 | -10/Exiles | Aligned with FarCom system 3538 | -10/Exiles | Given EX-Vault access code 3577 | -10/Exiles | Opened EX-Vault 3649 | -10/Exiles | Warned to stay clear of 0b10 Research branches 3745 | -10/Exiles | Found Gui. Plasma Cannon 3831 | -10/Exiles | Met EX-DEC 3874 | -10/Exiles | Learned location of Zion (-6) 4097 | -10/Exiles | Discovered new exit (range 14) 4114 | -10/Exiles | Left Exiles lab with Gui. Plasma Cannon 4114 | -10/Exiles | Entered Mines 4177 | -9/Mines | Assisted by bots powering up and referring to "LRC-V3" 4843 | -9/Mines | Discovered new exit (range 6) 4888 | -9/Mines | Entered Materials 4888 | -8/Materials | Accompanied by 3 allies 4888 | -8/Materials | Evolved 4 slots: Propulsion x2, Utility x2 4889 | -8/Materials | Identified exit to Factory 5394 | -8/Materials | Self-destructed Last Messages --------------- 05371_ Slug penetrates Wall. 05374_ Penetrated by Slug. 05374_ K-01 Serf collects debris. 05375_ U-05 Engineer lays Concrete. 05375_ K-01 Serf collects debris. 05376_ U-05 Engineer lays Concrete. 05377_ K-01 Serf collects debris. 05377_ U-05 Engineer lays Concrete. 05378_ K-01 Serf collects debris. 05378_ U-05 Engineer lays Concrete. 05380_ Penetrated by Slug. 05380_ Airjet destroyed. 05380_ K-01 Serf collects debris. 05380_ H-55 Commando suffers critical hit (Destroy). 05380_ Destroyed Gauss Rifle. 05380_ H-55 Commando destroyed. 05383_ K-01 Serf collects debris. 05384_ Recycling unit begins recycling process. 05385_ U-05 Engineer lays Concrete. 05386_ K-01 Serf collects debris. Map ----- +----------------------------------------------------+ | ??????????????????????????????????????????????? | | ??????????????????????????????????????????????? | | ??????????????????????????????????????????????? | | ??????????????????????????????????????????????? | | ??????????????????????????????????????????????? | | ??????????????????????????????????????????????? | | ??????????????????????????????????????????????? | | ??????????????????????????????????????????????? | | ??????????????????????????????????????????????? | | ??????????????????????????????????????????????? | | ??????????????????????????????????????????????? | | ??????????????????????????????????????????????? | | ??????????????????????????????????????????????? | | ??????????????????????????????????????????????? | | ??????????????????????????????????????????????? | | ??????????????????????????????????????????????? | | ??????????????????????????????????????????????? | | ??????????????????????????????????????????????? | | ??????????????????????????????????????????????? | | ??????????????????????#############???????????? | | ??????????????????????# #???????????? | | ??????????????????????# ]]] =#???????????? | | ??????????????????????# ]]] #???????????? | | ??????????????????????# ]] #???????????? | | ??????????????????????# #???????????? | | ??????????????????????# @ #???????????? | | ??????????????????????# / #???????????? | | ??????????????????????######;#;!######????????? | | ??????????????????????????# =+% #????????? | | ?????????????????????????#T ;# ""#????????? | | ???????????????????????# # Y"#??????##? | | ??????????????????????# # ""####### ## | | ??????????????????????# # # # ! # | | ??????????????????#### ###+### # | | ?????????????????# !*#| # | | ????????????????? !*= =!#== = # | | ????????????????? !%= *^+%=! # | | ????????????????? % %^=#!! = " # | | ?????????????????? ! ## !!=#%[= = T # | | ??????????????????# # "### ## = " # | | ??????????????????# # ??# ##! # | | ??????????????????# # ??# ########### | | ??????????????????# ?? ??# #?????????? | | ??????????????????# #???? ??# #?????????? | | ??????????????????# #?????????# #?????????? | | ????????########### ########### #?????????? | | ????????# # #?????????? | | ????????# # #?????????? | | ????????#]]] * # #?????????? | | ????????#]]] + ##### #########?????????? | +----------------------------------------------------+ Best States ------------- Heat Dissipation 31 Energy Generation 14 Energy Capacity 265 Matter Stores 300 Matter Capacity 300 Sight Range 16 Terrain Scan Density 10 Core Shielding 20 Evasion (%) 45 Recoil Reduction 4 Item Schematics ----------------- Lrg. Storage Unit | -10/Materials | Hacked Robot Schematics ------------------ None Fabricated ------------ Nothing Alien Tech Used ----------------- None Achievements -------------- None Challenges ------------ None Game ------ Seed MediumNullBay Manual? 0 Play Time 00:52:32 Cumulative 38.7 hours Start 2024.04.19 @ 18:44:28 End 2024.04.19 @ 20:00:16 Sessions 1 Manual Loads 0 Difficulty Rogue Special Mode None Game No. 23 Rogue 23 Adventurer 0 Explorer 0 Win Type - Total 0 Types 0/0/0/0/0/0/0/0/0 Lore% 27 Gallery% 29 Achievement% 25 Wizard Run 0 Options --------- Layout 1 ASCII 0 Keyboard 0 Movement Arrows Keybinds 0 Fullscreen 1 Font 16/SmallcapsGlow Map View 55x38 Zoom Use 0% Tactical HUD 1 Map Filters NONE Filters NONE Steam 0 RUN: f4e44682-567e-4eb8-8b2a-24c90223500b